 Dungeon Crawl Stone Soup version 0.28-b1-70-g80dc712255 (webtiles) character file.

Game seed: 57394935137882888

931 crazypyro the Cleaver (level 7, -10/52 HPs)
             Began as a Demonspawn Fighter on Feb 3, 2022.
             Was a Follower of Makhleb.
             Mangled by an ogre (18 damage)
             ... on level 5 of the Dungeon.
             The game lasted 00:04:21 (5655 turns).

crazypyro the Cleaver (Demonspawn Fighter)          Turns: 5655, Time: 00:04:21

Health: -10/52     AC:  7    Str: 18    XL:     7   Next: 86%
Magic:  7/7        EV:  9    Int: 10    God:    Makhleb [*.....]
Gold:   264        SH:  4    Dex: 12    Spells: 6/6 levels left

rFire   + . .      SeeInvis .   a - +0 war axe
rCold   + . .      Faith    .   c - +0 buckler
rNeg    . . .      Spirit   .   b - +0 scale mail
rPois   .          Reflect  .   (helmet restricted)
rElec   .          Harm     .   o - scarf {rC+ rF+}
rCorr   .          Rampage  .   r - +0 pair of gloves
Will    .....                   (no boots)
Stlth   ..........              e - amulet of magic regeneration
HPRegen 0.17/turn               (no ring)
MPRegen 0.60/turn               (no ring)

@: no status effects
A: horns 2, foul stench 1, magic regeneration
a: Renounce Religion


You were on level 5 of the Dungeon.
You worshipped Makhleb.
Makhleb was aware of your devotion.
You visited 1 branch of the dungeon, and saw 5 of its levels.

You collected 264 gold pieces.

Inventory:

Hand Weapons
 a - a +0 war axe (weapon)
 w - a +0 war axe
Armour
 b - a +0 scale mail (worn)
 c - a +0 buckler (worn)
 o - a scarf of resistance (worn)
 r - a +0 pair of gloves (worn)
Jewellery
 e - an amulet of magic regeneration (around neck)
Scrolls
 f - 4 scrolls of identify {unknown}
 g - 5 scrolls of teleportation {unknown}
 j - a scroll of summoning {unknown}
 k - 2 scrolls of enchant weapon {unknown}
 m - 3 scrolls of acquirement {unknown}
 p - 2 scrolls of magic mapping {unknown}
 s - 2 scrolls of fog {unknown}
 u - a scroll of enchant armour {unknown}
 v - a scroll of torment {unknown}
Potions
 d - a potion of might
 h - a potion of curing
 i - a potion of brilliance {unknown}
 l - 2 potions of flight {unknown}
 n - a potion of attraction {unknown}
 q - a potion of heal wounds {unknown}
 t - 2 potions of haste {unknown}


   Skills:
 - Level 3.0 Fighting
 + Level 8.4 Axes
 - Level 2.7 Armour
 - Level 2.7 Shields


You had 6 spell levels left.
You didn't know any spells.
Your spell library contained the following spells:

 Spells                   Type           Power      Damage    Failure   Level
 Beastly Appendage        Tmut           0%         N/A       85%         1
 Ensorcelled Hibernation  Hex/Ice        0%         N/A       94%         2
 Passwall                 Tmut/Erth      0%         N/A       94%         2
 Static Discharge         Conj/Air       0%         N/A       94%         2
 Wereblood                Tmut           0%         N/A       94%         2
 Spider Form              Tmut/Pois      0%         N/A       99%         3
 Swiftness                Air            0%         N/A       99%         3
 Lightning Bolt           Conj/Air       0%         1d11      100%        5
 Maxwell's Capacitive Co  Air            0%         ∞         100%        8


Dungeon Overview and Level Annotations

Branches:
Dungeon (5/15)             Temple (0/1) D:5

Altars:
Elyvilon
Fedhas
Makhleb
Nemelex Xobeh
Wu Jian
Yredelemnul

Shops:
D:3 (


Innate Abilities, Weirdness & Mutations

You have a pair of horns on your head.
You may rarely emit foul miasma when damaged in melee.
You regenerate magic rapidly.


Message History

There is an open door here.
An adder is nearby!
The adder barely misses you.
You closely miss the adder. The adder bites you. The adder barely misses you.
You barely miss the adder. Your headbutt misses the adder.
The adder barely misses you.
You barely miss the adder. The adder misses you.
The adder bites you but does no damage.
You miss the adder. You block the adder's attack.
You miss the adder. Your headbutt misses the adder.
The adder closely misses you. The adder barely misses you.
You closely miss the adder. Your headbutt misses the adder.
The adder closely misses you.
You slash the adder!
You kill the adder!
Makhleb accepts your kill.
No target in view!
No target in view!
An ogre comes into view. It is wielding a +0 giant spiked club.
Found a staircase to the Ecumenical Temple.
An ogre is nearby!
An ogre is nearby!
Found 30 stones.
The ogre hits you with a +0 giant spiked club!!
Ouch! That really hurt!
You are too injured to fight recklessly!
You are too injured to fight recklessly!
You barely miss the ogre.
An adder comes into view.
You slash the ogre!
The ogre is heavily wounded.
The ogre hits you with a +0 giant spiked club!
* * * LOW HITPOINT WARNING * * *
You hit the ogre.
The ogre is heavily wounded.
You block the ogre's attack.
You hit the ogre.
The ogre is severely wounded.
The ogre hits you with a +0 giant spiked club!!
You die...

.............. #..
#...##...##...
##..####...##...####+
#... .......#........
#... ..... +........
#..S ... #........ . #..
#.# #..###'##
#..#.O####.####..###...
#.....@....#......#....
##...$.....'......#....
(......###..##....###'##
....#.. #####....##....
.>. ### #....)..... ..
#....)(.... .
#.......... #..........
##...##....


You could see an ogre and an adder.

Vanquished Creatures
  3 black bears (D:4)
  An ice beast (D:5)
  2 scorpions
  A centaur zombie (D:4)
  A jelly (D:5)
  3 orc wizards
  4 scorpion zombies (D:4)
  12 adders
  An adder skeleton (D:4)
  3 dart slugs (D:1)
  13 orcs
  8 endoplasms
  5 giant cockroaches
  7 goblins
  2 hobgoblins
  8 jackals
  7 kobolds
  6 quokkas
  9 ball pythons
  2 bats (D:1)
  6 frilled lizards
  4 rats
108 creatures vanquished.

Vanquished Creatures (others)
  3 fungi (D:1)
  5 plants (D:1)
8 creatures vanquished.

Grand Total: 116 creatures vanquished

Notes
Turn   | Place    | Note
-------+----------+-------------------------------------------
     0 | D:1      | crazypyro the Demonspawn Fighter began the quest for the
                  | Orb.
     0 | D:1      | Reached XP level 1. HP: 18/18 MP: 1/1
    92 | D:1      | Reached skill level 2 in Axes
   163 | D:1      | Found a faded altar of an unknown god.
   168 | D:1      | Gained mutation: You regenerate magic rapidly. [demonic
                  | ancestry]
   168 | D:1      | Reached XP level 2. HP: 22/24 MP: 2/2
   761 | D:1      | Reached skill level 3 in Axes
   765 | D:1      | Gained mutation: You have a pair of small horns on your
                  | head. [demonic ancestry]
   765 | D:1      | Reached XP level 3. HP: 19/29 MP: 3/3
  1743 | D:2      | Reached XP level 4. HP: 20/35 MP: 4/4
  2150 | D:2      | Reached skill level 4 in Axes
  2524 | D:3      | Found Didghus's Weapon Shop.
  3133 | D:3      | Found a blossoming altar of Fedhas.
  3355 | D:4      | Gained mutation: You have a pair of horns on your head.
                  | [demonic ancestry]
  3355 | D:4      | Reached XP level 5. HP: 20/41 MP: 5/5
  3636 | D:4      | Found a basalt altar of Yredelemnul.
  3647 | D:4      | Reached skill level 5 in Axes
  3656 | D:4      | HP: 2/41 [scorpion zombie (4)]
  3670 | D:4      | Reached XP level 6. HP: 6/47 MP: 6/6
  4073 | D:4      | Reached skill level 6 in Axes
  4511 | D:4      | Found a burning altar of Makhleb.
  4525 | D:4      | Found a sparkling altar of Nemelex Xobeh.
  4533 | D:4      | Became a worshipper of Makhleb the Destroyer
  4564 | D:4      | Gained mutation: You may rarely emit foul miasma when
                  | damaged in melee. [demonic ancestry]
  4564 | D:4      | Reached XP level 7. HP: 48/52 MP: 7/7
  4676 | D:4      | Found an ornate altar of the Wu Jian Council.
  4751 | D:4      | Reached skill level 7 in Axes
  5161 | D:5      | Entered Level 5 of the Dungeon
  5321 | D:5      | Reached * piety under Makhleb
  5322 | D:5      | Reached skill level 8 in Axes
  5650 | D:5      | Found a staircase to the Ecumenical Temple.
  5655 | D:5      | Mangled by an ogre

Illustrated notes

Levels and vault maps discovered:
D:1:      dpeg_arrival_tiny_a, layout_basic,
          shapermc_ecumenical_altar_mp_ritualfount
D:2:      layout_basic, minmay_domino_4
D:3:      layout_loops_cross, mainiacjoe_overflow_catch_the_wave, serial_shops,
          shop_statue, minmay_tree_intersection, minmay_misc_feat_enclosed
D:4:      layout_gridville, nicolae_yredelemnul_corpse_copse, marbit_many_paths,
          mainiacjoe_overflow_big_doors
D:5:      lemuel_insect_pit, layout_gridville, minmay_temple_entry_tees,
          guppyfry_shop_venom

Skill      XL: |  1  2  3  4  5  6  7 |
---------------+----------------------+-----
Axes           | 2 3 4 5 6 8 |  8.4
Fighting       | |  3.0
Armour         | |  2.7
Shields        | |  2.7

Action                   |  1- 3 |  4- 6 |  7- 9 || total
-------------------------+-------+-------+-------++-------
Melee: War axe           |   115 |   154 |    61 ||   330
       Headbutt          |     5 |    30 |     6 ||    41
  Use: Potion            |     3 |     1 |       ||     4
Armor: Scale mail        |    53 |    78 |    27 ||   158
Dodge: Dodged            |    36 |    78 |    21 ||   135
Block: Buckler           |    21 |    29 |    16 ||    66
